 Dungeon Crawl Stone Soup version 0.23.2-1-ga50397a6bc (webtiles) character file.

Game seed: 4755648148897599358

44 MachJacob the Caller (level 3, -1/19 HPs)
             Began as a Tengu Summoner on Apr 30, 2019.
             Slain by a worm (7 damage)
             ... on level 1 of the Dungeon.
             The game lasted 00:07:08 (1822 turns).

MachJacob the Caller (Tengu Summoner)               Turns: 1822, Time: 00:07:09

Health: -1/19      AC:  2    Str:  9    XL:     3   Next: 60%
Magic:  3/7        EV: 12    Int: 15    God:
Gold:   70         SH:  0    Dex: 14    Spells: 5/6 levels left

rFire    . . .     SeeInvis .   a - +1 spear (venom)
rCold    . . .     Gourm    .   (no shield)
rNeg     . . .     Faith    .   d - +0 robe
rPois    .         Spirit   .   (helmet restricted)
rElec    .         Reflect  .   (no cloak)
rCorr    .         Harm     .   (no gloves)
MR       .....                  (boots unavailable)
Stlth    ++........             (no amulet)
HPRegen  0.06/turn              (no ring)
MPRegen  0.10/turn              (no ring)

@: very slightly contaminated
A: beak, talons 3
a: no special abilities


You were on level 1 of the Dungeon.
You were hungry.

You visited 1 branch of the dungeon, and saw 2 of its levels.

You collected 70 gold pieces.

Inventory:

Hand Weapons
 a - a +1 spear of venom (weapon)
 b - a +0 hunting sling
Missiles
 g - 47 stones (quivered)
Armour
 d - a +0 robe (worn)
 f - a +0 cloak
Scrolls
 j - a scroll of teleportation {unknown}
Potions
 e - a potion of heal wounds {unknown}
 i - a potion of flight {unknown}
Comestibles
 c - 2 rations
 h - a chunk of flesh


   Skills:
 * Level 2.5 Polearms
 - Level 2.1 Dodging
 - Level 2.0 Stealth
 - Level 2.0 Spellcasting
 + Level 5.4 Summonings


You had 5 spell levels left.
You knew the following spells:

 Your Spells              Type           Power        Failure   Level  Hunger
a - Summon Small Mammal   Summ           ###.         2%          1    #......

Your spell library contained the following spells:

 Spells                   Type           Power        Failure   Level  Hunger
 Call Imp                 Summ           ###.....     3%          2    ###....
 Call Canine Familiar     Summ           ###.....     7%          3    ###....
 Summon Guardian Golem    Hex/Summ       #.......     22%         3    ###....
 Summon Ice Beast         Ice/Summ       #.......     58%         4    #####..
 Summon Lightning Spire   Summ/Air       #.......     58%         4    #####..


Dungeon Overview and Level Annotations

Branches:
Dungeon (2/15)

Altars:
Qazlal

Annotations:
D:2 Sigmund


Innate Abilities, Weirdness & Mutations

You have a beak for a mouth.
You have claws for feet.


Message History

Your quokka dies!
Your quokka's corpse disappears in a puff of smoke!
Casting: Summon Small Mammal (safe; 2% risk of failure)
Confirm with . or Enter, or press ? or * to list all spells.
The jackal bites you. The jackal closely misses you.
Casting: Summon Small Mammal (safe; 2% risk of failure)
Confirm with . or Enter, or press ? or * to list all spells.
You miscast Summon Small Mammal.
You are very lightly contaminated with residual magic.
Your brain hurts!
You are feeling hungry.
Your bat closely misses the jackal.
The jackal misses you. The jackal closely misses you. The jackal misses you.
Your bat hits the jackal but does no damage.
Casting: Summon Small Mammal (safe; 2% risk of failure)
Confirm with . or Enter, or press ? or * to list all spells.
Your bat closely misses the jackal.
The jackal barely misses you. The jackal bites you. x2
Your bat hits the worm. x3; The worm bites you!
You die...

##############
#............#
#.##########.# #.# #.# #.#
#.# ################h## #.#
.)..............h># #.#
########.#######@w# #.# #
#.# #.b# #.# # #.# #b.# #.#
# #.# #..# #.# ## #.# #..#
#.# .# ####.#######..#
#####.# .# #.............#
#.....# .##
#.#......###.##############
§.# #.#......#
#♣♣♣...........#


You could see a worm, 2 jackals and 2 friendly bats.

Vanquished Creatures
  An adder (D:2)
  A worm (D:2)
  2 dart slugs (D:1)
  A bat (D:1)
  2 giant cockroaches
  A goblin (D:1)
  3 hobgoblins (D:1)
  3 jackals (D:1)
  2 quokkas
  A frilled lizard (D:1)
  2 kobolds
  2 rats (D:1)
21 creatures vanquished.

Vanquished Creatures (collateral kills)
  A dart slug (D:1)
  A ball python (D:1)
  2 bats
  A hobgoblin (D:1)
  2 jackals (D:1)
  A frilled lizard (D:1)
  A kobold (D:1)
  A rat (D:1)
10 creatures vanquished.

Grand Total: 31 creatures vanquished

Notes
Turn   | Place    | Note
-------+----------+-------------------------------------------
     0 | D:1      | MachJacob the Tengu Summoner began the quest for the Orb.
     0 | D:1      | Reached XP level 1. HP: 10/10 MP: 4/4
   175 | D:1      | Reached skill level 5 in Summonings
   593 | D:1      | Reached skill level 1 in Polearms
   593 | D:1      | Reached XP level 2. HP: 15/15 MP: 3/6
  1260 | D:1      | Reached XP level 3. HP: 16/19 MP: 7/7
  1622 | D:2      | Found a stormy altar of Qazlal.
  1636 | D:2      | Noticed Sigmund
  1822 | D:1      | Slain by a worm

Skill      XL: |  1  2 |
---------------+-------+-----
Summonings     | 5 |  5.4
Polearms       | 1 2 |  2.5
Dodging        | |  2.1
Stealth        | |  2.0
Spellcasting   | |  2.0

Action                   || total
-------------------------++-------
Melee: Spear             ||    54
       Peck              ||     2
       Kick              ||     7
 Cast: Summon Small Mamm ||    33
 Stab: Sleeping          ||     3
  Eat: Chunk             ||     3
Armor: Robe              ||    13
Dodge: Dodged            ||    60
